 Dungeon Crawl Stone Soup version 0.27.1-15-g792fb953b9 (webtiles) character file.

Game seed: 10036701366080924204

7 ggallus the Charlatan (level 1, 0/16 HPs)
             Began as a Palentonga Artificer on Nov 18, 2021.
             Slain by a bat (1 damage)
             ... on level 1 of the Dungeon.
             The game lasted 00:00:29 (256 turns).

ggallus the Charlatan (Palentonga Artificer)         Turns: 256, Time: 00:00:29

Health: 0/16       AC:  4    Str: 15    XL:     1   Next: 83%
Magic:  1/1        EV:  9    Int: 11    God:
Gold:   13         SH:  0    Dex: 10    Spells: 0/0 levels left

rFire    . . .     SeeInvis +   a - +0 club
rCold    . . .     Faith    .   (no shield)
rNeg     . . .     Spirit   .   b - +0 leather armour
rPois    .         Reflect  .   (no helmet)
rElec    .         Harm     .   (no cloak)
rCorr    .         Rampage  .   (no gloves)
Will     +....                  (no barding)
Stlth    +.........             (no amulet)
HPRegen  0.05/turn              f - ring of willpower
MPRegen  0.07/turn              (no ring)

@: no status effects
A: large, rugged brown scales 3, see invisible, deformed body, roll 1, armoured
tail
a: Rolling Charge


You were on level 1 of the Dungeon.
You visited 1 branch of the dungeon, and saw 1 of its levels.

You collected 13 gold pieces.

Inventory:

Hand Weapons
 a - a +0 club (weapon)
Armour
 b - a +0 leather armour (worn)
Jewellery
 f - a ring of willpower (left hand)
Wands
 c - a wand of flame (15) (quivered)
 d - a wand of charming (15)
Miscellaneous
 e - a piece from Xom's chessboard (15/15)


   Skills:
 + Level 1.0 Fighting
 + Level 1.7 Armour
 + Level 0.7 Dodging
 + Level 0.5 Stealth
 + Level 3.0 Evocations


You couldn't memorise any spells.
You didn't know any spells.
Your spell library was empty.

Dungeon Overview and Level Annotations

Branches:
Dungeon (1/15)

Altars:


Innate Abilities, Weirdness & Mutations

You are completely covered in rugged brown scales. (AC +3, +7% HP)
You have supernaturally acute eyesight. (SInv)
Armour fits poorly on your strangely shaped body.
You can roll at nearby foes to attack.
You have a long armoured tail.


Message History

The hobgoblin shouts!
There are monsters nearby!
Found a brown potion.
A bat comes into view.
The goblin hits you but does no damage.
You hit the goblin but do no damage. The goblin barely misses you. x2
You hit the goblin but do no damage. The bat barely misses you.
The hobgoblin completely misses you. The goblin hits you with a +0 club.
The hobgoblin hits you but does no damage.
You closely miss the goblin. The bat barely misses you.
The goblin hits you but does no damage.
The hobgoblin hits you but does no damage.
You miss the goblin. The bat hits you. The goblin hits you but does no damage.
The hobgoblin hits you.
You hit the goblin but do no damage. The bat closely misses you.
The bat hits you but does no damage. The goblin barely misses you.
The hobgoblin barely misses you. The bat hits you but does no damage.
The goblin hits you with a +0 club. The hobgoblin completely misses you.
You hit the goblin.
The goblin is moderately wounded.
The bat barely misses you. The bat hits you but does no damage.
The goblin closely misses you. The hobgoblin closely misses you.
You hit the goblin but do no damage.
The goblin is moderately wounded.
The bat hits you. The bat closely misses you.
The bat hits you but does no damage. The goblin barely misses you.
The hobgoblin hits you but does no damage.
You barely miss the goblin.
The goblin is moderately wounded.
The bat hits you but does no damage. The goblin barely misses you.
The hobgoblin closely misses you. The bat hits you.
The goblin hits you with a +0 club.
* * * LOW HITPOINT WARNING * * *
You hit the goblin.
You kill the goblin!
The bat hits you but does no damage. The hobgoblin hits you.
* * * LOW HITPOINT WARNING * * *
The bat hits you but does no damage. The hobgoblin barely misses you.
The bat hits you.
You die...

.# .# !# ##.## .###
#...# ##... #...#
##...## #...######
...#.# #........#
#.#.#
#####...####.# #@b#
.............###.##
.......†........g#
...........$.###.#
#####...####.# #.#
#..... .......
#...#####.##.#.
#...# .#....# .>...
..... .


You could see a hobgoblin and a bat.

Vanquished Creatures
  A dart slug (D:1)
  2 goblins (D:1)
  A ball python (D:1)
  A rat (D:1)
5 creatures vanquished.

Notes
Turn   | Place    | Note
-------+----------+-------------------------------------------
     0 | D:1      | ggallus the Palentonga Artificer began the quest for the
                  | Orb.
     0 | D:1      | Reached XP level 1. HP: 16/16 MP: 1/1
   234 | D:1      | Reached skill level 3 in Evocations
   256 | D:1      | Slain by a bat

Illustrated notes

Levels and vault maps discovered:
D:1:      minmay_arrival_widening_spiral_wide, layout_loops_cross,
          minmay_heptomino_w4

Skill      XL: |  1 |
---------------+----+-----
Evocations     | 3 |  3.0
Fighting       | |  1.0
Armour         | |  1.7
Dodging        | |  0.7
Stealth        | |  0.5

Action                   || total
-------------------------++-------
Melee: Club              ||    16
       Tailslap          ||     2
Armor: Leather armour    ||    16
Dodge: Dodged            ||    17
